[Event "Team 45 45 League T71"]
[Site "Internet Chess Club"]
[Date "2016.12.26"]
[Round "3"]
[White "Innes"]
[Black "idjit"]
[Result "1/2-1/2"]
[WhiteElo "1524"]
[BlackElo "1584"]
[Opening "French: advance, Milner-Barry gambit"]
[ECO "C02"]
[Time "17:51:18"]
[TimeControl "2700+45"]

1. e4 e6 2. d4 d5 3. e5 c5 4. c3 Nc6 5. Nf3 Qb6 6. Bd3 Bd7 7. O-O cxd4 8. cxd4
Nxd4 9. Nxd4 Qxd4 10. Nc3 Qxe5 11. Re1 Qf6 12. Nxd5 Qd8 13. Bf4 Rc8 14. Rc1 Bc6
15. Bb5 Ne7 16. Nxe7 Bxe7 17. Bxc6+ Rxc6 18. Qg4 Rxc1 19. Rxc1 O-O 20. Rc7 Bg5
21. Be5 Qd2 22. Kf1 Qd3+ 23. Qe2 Qb1+ 24. Qe1 Qxa2 25. f4 Qa6+ 26. Qe2 Qxe2+ 27.
Kxe2 Bf6 28. Bxf6 gxf6 29. Rxb7 Ra8 30. Ke3 a5 31. f5 a4 32. fxe6 fxe6 33. Kf4
a3 34. bxa3 Rxa3 35. h3 Ra4+ 36. Kf3 Ra5 37. h4 h5 38. g3 Rf5+ 39. Ke4 Rf1 40.
Re7 e5 41. Rb7 Rg1 42. Kf3 f5 43. Re7 e4+ 44. Kf4 Kf8 45. Ra7 Rf1+ 46. Kg5 Rf3
47. Kf6 Ke8 48. Ke6 Kd8 49. Ke5 Rxg3 50. Kxf5 Rg4 51. Ra4 e3 52. Ra3 e2 53. Re3
Rg2 54. Kf4 Kd7 55. Kf3 Rh2 56. Rxe2 Rxe2 57. Kxe2 Ke6 58. Kf3 Kf5 59. Kg3 Ke4
60. Kg2 Kf4 61. Kf2 Kg4 62. Kg2 Kxh4 63. Kh2 Kg4 64. Kg2 h4 65. Kh2 h3 66. Kh1
Kg3 67. Kg1 h2+ 68. Kh1 Kh3 {White stalemated} 1/2-1/2

[Event "Team 45 45 League T71"]
[Site "Internet Chess Club"]
[Date "2016.12.29"]
[Round "3"]
[White "TwinsburgOHUSA"]
[Black "drsigmund1"]
[Result "1-0"]
[WhiteElo "1336"]
[BlackElo "1370"]
[Opening "French: exchange variation"]
[ECO "C01"]
[Time "20:00:14"]
[TimeControl "2700+45"]

1. e4 e6 2. d4 d5 3. exd5 exd5 4. c4 Nf6 5. Nc3 Bb4 6. Nf3 O-O 7. Be3 Bg4 8. Bd3
Ne4 9. Qb3 Bxc3+ 10. bxc3 dxc4 11. Qxc4 Nd6 12. Qb3 Nd7 13. h3 Bxf3 14. gxf3 Qf6
15. Ke2 b6 16. Qc2 g6 17. h4 c5 18. Qa4 Qe6 19. Kd2 c4 20. Bc2 b5 21. Qa3 Nf5
22. Bg5 Nf6 23. Rae1 Qc6 24. Bxf5 gxf5 25. Reg1 Kh8 26. Bf4 Qxf3 27. Be5 Qc6 28.
Qe7 {Black resigns} 1-0

[Event "Team 45 45 League T71"]
[Site "Internet Chess Club"]
[Date "2016.12.26"]
[Round "3"]
[White "liujf"]
[Black "Andaluz"]
[Result "1-0"]
[WhiteElo "1388"]
[BlackElo "1339"]
[Opening "Sicilian: dragon variation"]
[ECO "B70"]
[Time "13:00:25"]
[TimeControl "2700+45"]

1. e4 c5 2. Nf3 d6 3. d4 cxd4 4. Nxd4 Nf6 5. Nc3 g6 6. Be2 Bg7 7. O-O O-O 8. Be3
Bd7 9. Qd2 Nc6 10. Nxc6 Bxc6 11. f3 b6 12. Rad1 Qc7 13. Nb5 Qb7 14. Nd4 Bd7 15.
Bg5 a6 16. c3 Rfd8 17. Qc2 Rac8 18. Qb3 Rc5 19. Be3 Rcc8 20. Bc4 e6 21. Nc2 b5
22. Be2 d5 23. exd5 Nxd5 24. Bf2 Nf4 25. Rfe1 Nxe2+ 26. Rxe2 Bf6 27. Red2 Bc6
28. Bd4 Bxd4+ 29. Rxd4 Qb6 30. Kh1 Bd5 31. Qa3 Qb7 32. Nb4 Ra8 33. Nxd5 Rxd5 34.
Rxd5 exd5 35. Qb3 Rd8 36. c4 b4 37. Rxd5 Rxd5 38. cxd5 Kf8 39. a3 a5 40. axb4
Qxb4 41. Qxb4+ axb4 42. Kg1 Ke7 43. Kf2 Kd6 44. Ke3 Kxd5 45. Kd3 f6 46. b3 h6
47. g3 h5 48. f4 g5 49. fxg5 fxg5 50. h3 g4 51. h4 Ke5 52. Ke3 Kd5 53. Kf4 Kd4
54. Kg5 Kc3 55. Kxh5 Kxb3 56. Kxg4 Kc2 57. h5 b3 58. h6 b2 59. h7 b1=Q 60. h8=Q
Qd1+ 61. Kf5 Qd3+ 62. Kf4 Qd2+ 63. Kg4 Qd1+ 64. Kg5 Kd2 65. Qd4+ {Black resigns}
1-0

[Event "Team 45 45 League T71"]
[Site "Internet Chess Club"]
[Date "2016.12.26"]
[Round "3"]
[White "RD1974"]
[Black "az2112"]
[Result "0-1"]
[WhiteElo "1604"]
[BlackElo "1653"]
[Opening "Sicilian: closed"]
[ECO "B23"]
[Time "10:04:10"]
[TimeControl "2700+45"]

1. e4 c5 2. Nc3 d6 3. g3 Nc6 4. Bg2 Nf6 5. d3 e6 6. Nf3 Be7 7. O-O O-O 8. h3 a6
9. Ne2 Qc7 10. Ng5 h6 11. Nf3 b5 12. e5 dxe5 13. Nxe5 Bb7 14. Bf4 Nd5 15. Bxd5
exd5 16. Ng6 Qd7 17. Nxf8 Qxh3 18. Ng6 fxg6 19. d4 g5 20. c3 gxf4 21. Nxf4 Qf5
22. Re1 cxd4 23. cxd4 Rf8 24. Rc1 Bg5 25. Rxc6 Bxc6 26. Re5 Qf7 27. Nd3 Bf6 28.
Re2 Bxd4 29. Nf4 Ba7 30. Qc2 Ba8 31. Re6 d4 32. Rg6 Qb7 33. Kf1 Qh1+ 34. Ke2
Re8+ 35. Ne6 Qf3+ 36. Kf1 d3 37. Rxg7+ Kh8 38. Rh7+ Kxh7 39. Qc7+ Kg6 40. Qg7+
Kf5 41. Qf7+ Ke4 42. Qg6+ Qf5 43. f3+ Ke5 44. Qg7+ Kxe6 45. Qxh6+ Qf6 46. Qe3+
Bxe3 {White resigns} 0-1

[Event "Team 45 45 League T71"]
[Site "Internet Chess Club"]
[Date "2016.12.22"]
[Round "3"]
[White "ChessMaine"]
[Black "chesskix"]
[Result "1-0"]
[WhiteElo "1528"]
[BlackElo "1526"]
[Opening "Queen's pawn: stonewall attack"]
[ECO "D00"]
[Time "20:00:32"]
[TimeControl "2700+45"]

1. d4 d5 2. e3 Nf6 3. Bd3 c5 4. c3 c4 5. Bc2 Nc6 6. Nf3 g6 7. O-O Bg7 8. Nbd2
O-O 9. e4 Bg4 10. e5 Ne8 11. h3 Bxf3 12. Nxf3 f6 13. exf6 exf6 14. Nh4 Ne7 15.
b3 Nd6 16. Re1 f5 17. Bg5 Bf6 18. Nf3 Nc6 19. Bxf6 Qxf6 20. Ne5 Rad8 21. f3 Nb8
22. Qd2 Kg7 23. Re2 b5 24. Rae1 a6 25. g4 Nf7 26. gxf5 Nxe5 27. dxe5 Qb6+ 28.
Kh2 d4 29. Rg2 d3 30. f6+ Rxf6 31. exf6+ Qxf6 32. Bd1 Nc6 33. Qg5 d2 34. Qxf6+
Kxf6 35. Ree2 Ne5 36. Rxd2 Rxd2 37. Rxd2 Nd3 38. Be2 Nf4 39. bxc4 Nxe2 40. Rxe2
bxc4 41. Re4 {Black resigns} 1-0

[Event "Team 45 45 League T71"]
[Site "Internet Chess Club"]
[Date "2016.12.24"]
[Round "3"]
[White "OGO"]
[Black "seattleblues"]
[Result "1/2-1/2"]
[WhiteElo "1472"]
[BlackElo "1368"]
[Opening "Nimzo-Indian: Sämisch variation"]
[ECO "E24"]
[Time "21:52:58"]
[TimeControl "2700+45"]

1. d4 Nf6 2. c4 e6 3. Nc3 Bb4 4. a3 Bxc3+ 5. bxc3 Nc6 6. e3 Na5 7. Nf3 b6 8. g3
Ba6 9. Nd2 d6 10. Bg2 Rb8 11. O-O Nxc4 12. Re1 O-O 13. e4 e5 14. Nf3 Bb7 15.
dxe5 dxe5 16. Qxd8 Rfxd8 17. Bg5 Rd6 18. Bxf6 Rxf6 19. Ra2 Rd6 20. Bf1 Ba6 21.
Kg2 f6 22. Ng1 Kf8 23. h3 b5 24. Ne2 Bb7 25. f3 Ra6 26. Kf2 Rxa3 27. Rxa3 Nxa3
28. Ra1 b4 29. cxb4 Nc2 30. Rxa7 Nxb4 31. Nc3 Nc6 32. Ra4 Ra8 33. Rxa8+ Bxa8 34.
Nb5 Nd4 35. Nxc7 Bb7 36. Bc4 Ke7 37. Nb5 Nxb5 38. Bxb5 Kd6 39. Ke3 Kc5 40. Bd7
g5 41. Bf5 h6 42. f4 Kd6 43. fxg5 fxg5 44. Kf3 Ke7 45. Kg4 Kf6 46. Kf3 {Game
drawn by mutual agreement} 1/2-1/2

[Event "Team 45 45 League T71"]
[Site "Internet Chess Club"]
[Date "2016.12.26"]
[Round "3"]
[White "Conjurer"]
[Black "kingsrook"]
[Result "0-1"]
[WhiteElo "1196"]
[BlackElo "1299"]
[Opening "Queen's pawn, Mason variation"]
[ECO "D00"]
[Time "12:04:07"]
[TimeControl "2700+45"]

1. d4 d5 2. Bf4 e6 3. e3 c5 4. c3 Nc6 5. Nf3 Nf6 6. Bd3 Be7 7. O-O Nh5 8. Nbd2
Nxf4 9. exf4 c4 10. Bc2 O-O 11. Ne5 Nxe5 12. fxe5 Bg5 13. Nf3 Bh6 14. b3 b5 15.
a4 Bd7 16. axb5 Bxb5 17. Nd2 cxb3 18. c4 dxc4 19. Be4 Rb8 20. Re1 Qxd4 21. Nxb3
Qxd1 22. Rexd1 cxb3 23. Rab1 Be2 24. Rd7 a6 25. Bb7 Rfd8 26. Rxd8+ Rxd8 27. g3
Bc4 28. f4 {White resigns} 0-1

[Event "Team 45 45 League T71"]
[Site "Internet Chess Club"]
[Date "2016.12.23"]
[Round "3"]
[White "milesotoole"]
[Black "Gojira"]
[Result "1-0"]
[WhiteElo "1660"]
[BlackElo "1601"]
[Opening "Sicilian: closed, 2...Nc6"]
[ECO "B23"]
[Time "22:00:17"]
[TimeControl "2700+45"]

1. e4 c5 2. Nc3 Nc6 3. Bb5 g6 4. Bxc6 bxc6 5. d3 Bg7 6. f4 e6 7. Nf3 Ne7 8. O-O
O-O 9. Qe1 f5 10. e5 d5 11. b3 Ba6 12. Na4 c4 13. Nc5 Kf7 14. Ng5+ {Black
resigns} 1-0

[Event "Team 45 45 League T71"]
[Site "Internet Chess Club"]
[Date "2017.01.03"]
[Round "3"]
[White "akshayk06"]
[Black "mongmong"]
[Result "0-1"]
[WhiteElo "1433"]
[BlackElo "1483"]
[Opening "Queen's pawn"]
[ECO "A40"]
[Time "21:00:17"]
[TimeControl "2700+45"]

1. d4 e6 2. Bf4 Nf6 3. Nf3 b6 4. e3 Bb7 5. h3 d6 6. Be2 Nbd7 7. O-O h6 8. c4 g5
9. Bg3 Ne4 10. Bh2 h5 11. Nbd2 g4 12. hxg4 hxg4 13. Nxe4 gxf3 14. Bxf3 Qh4
{White resigns} 0-1

[Event "Team 45 45 League T71"]
[Site "Internet Chess Club"]
[Date "2016.12.26"]
[Round "3"]
[White "smsxman"]
[Black "guyd52"]
[Result "0-1"]
[WhiteElo "1291"]
[BlackElo "1361"]
[Opening "King's pawn opening"]
[ECO "B07"]
[Time "08:00:39"]
[TimeControl "2700+45"]

1. e4 d6 2. Nc3 g6 3. Nf3 Bg7 4. Bc4 Nf6 5. O-O O-O 6. Ng5 e6 7. d4 c6 8. d5
exd5 9. exd5 c5 10. a4 Re8 11. Nf3 Bf5 12. Bb5 Nbd7 13. Bg5 a6 14. Bxd7 Qxd7 15.
Bd2 Be4 16. Nxe4 Rxe4 17. Ng5 Rxa4 18. Rxa4 Qxa4 19. b3 Qd4 20. c4 Re8 21. Nf3
Qg4 22. h3 Qd7 23. Re1 b6 24. Nh2 h5 25. Nf3 Nh7 26. Bf4 Kf8 27. Rxe8+ Kxe8 28.
Qe2+ Kf8 29. Nd2 Nf6 30. Bg5 Qf5 31. Bxf6 Bxf6 32. g4 hxg4 33. hxg4 Qe5 34. Ne4
Qa1+ 35. Kg2 Be5 36. Qf3 Qc1 37. Nf6 Qh6 38. Nd7+ Kg7 39. Nxe5 dxe5 40. d6 Qg5
41. d7 Kf8 42. Qa8+ Kg7 43. f3 Qd2+ 44. Kg3 Qxd7 45. Qxa6 Qd6 46. Qb5 e4+ 47.
Kf2 Qd2+ 48. Kf1 e3 49. Qe8 Qf2# {White checkmated} 0-1

[Event "Team 45 45 League T71"]
[Site "Internet Chess Club"]
[Date "2016.12.23"]
[Round "3"]
[White "rhayder"]
[Black "dabodhi"]
[Result "0-1"]
[WhiteElo "1142"]
[BlackElo "1335"]
[Opening "QGD: 3...Nf6"]
[ECO "D35"]
[Time "14:16:40"]
[TimeControl "2700+45"]

1. d4 Nf6 2. c4 e6 3. Nc3 d5 4. e3 b6 5. cxd5 Nxd5 6. Nxd5 Qxd5 7. b3 Bb7 8. Qf3
Bb4+ 9. Bd2 Bxd2+ 10. Kd1 Bb4 11. Qxd5 Bxd5 12. Nf3 Bxf3+ 13. gxf3 Nd7 14. Rg1
g6 15. Rc1 Rc8 16. Bb5 Ke7 17. Bxd7 Kxd7 18. Rc4 c5 19. Rg4 Ke7 20. Re4 Rhd8 21.
Ke2 a5 22. Rh4 h5 23. f4 cxd4 24. Rxd4 Rc2+ 25. Kf3 Rxd4 26. exd4 f5 27. Rh3
Rxa2 28. Rg3 Kf6 {White resigns} 0-1

[Event "Team 45 45 League T71"]
[Site "Internet Chess Club"]
[Date "2016.12.26"]
[Round "3"]
[White "fishhead"]
[Black "kllrchris"]
[Result "0-1"]
[WhiteElo "1708"]
[BlackElo "1731"]
[Opening "Sicilian: dragon variation"]
[ECO "B70"]
[Time "20:16:45"]
[TimeControl "2700+45"]

1. e4 c5 2. Nf3 d6 3. d4 cxd4 4. Nxd4 Nf6 5. Nc3 g6 6. Bc4 Bg7 7. Bb3 Nc6 8.
Nxc6 bxc6 9. Bg5 O-O 10. Qd2 a5 11. f3 Bd7 12. Na4 c5 13. c4 Qb8 14. O-O-O Qb4
15. Qc2 Rfb8 16. Bd2 Qb7 17. Bc3 Bh6+ 18. Kb1 Bg7 19. Rd2 Be6 20. Rc1 Bh6 21.
Rcd1 Bg7 22. g4 Nd7 23. Bxg7 Kxg7 24. h4 Ne5 25. Qc3 Kg8 26. h5 Qb4 27. hxg6
hxg6 28. Rc1 Nxf3 29. Qxf3 Qxd2 30. Nc3 Kg7 31. Qg3 a4 32. Rd1 Qg5 33. Nxa4 Qxg4
34. Qc3+ f6 35. Qc2 Rb4 36. a3 Rbb8 37. Nc3 f5 38. Re1 Qg3 39. Re2 Kf7 40. Ka2
Rh8 41. Nb5 Rh3 42. Nc7 Qxb3+ 43. Qxb3 Rxb3 44. Kxb3 Rb8+ 45. Kc3 f4 46. e5 Rb7
47. exd6 f3 48. Rf2 Bg4 49. d7 Bxd7 50. Rxf3+ Bf5 51. Nb5 Rd7 52. b4 cxb4+ 53.
axb4 e5 54. c5 Ke7 55. Rf1 Bd3 56. Re1 Bxb5 57. Rxe5+ Kf6 58. Re3 g5 59. Rf3+
Ke5 60. Rf8 g4 61. Rg8 Rd3+ 62. Kc2 g3 63. c6 Kd6 64. Rg5 Kxc6 65. Rg6+ Kb7 66.
Rg7+ Kc6 67. Rg6+ Kd7 68. Rg5 Kc6 69. Rg6+ Kc7 70. Rg5 Kb6 71. Rg6+ Kc7 72. Rg5
Kd6 73. Rxb5 Rd5 74. Rb6+ Ke5 75. Rg6 Kf4 76. Rf6+ Rf5 77. Ra6 g2 78. Ra1 Kg3
79. Rg1 Rf3 80. b5 Kf2 81. Rb1 g1=Q 82. Rxg1 Kxg1 83. b6 Kf2 84. b7 Rf8 {White
resigns} 0-1

[Event "Team 45 45 League T71"]
[Site "Internet Chess Club"]
[Date "2016.12.30"]
[Round "3"]
[White "Mitochondria"]
[Black "kidcobra"]
[Result "0-1"]
[WhiteElo "1602"]
[BlackElo "1810"]
[Opening "Budapest: Adler variation"]
[ECO "A52"]
[Time "19:47:00"]
[TimeControl "2700+45"]

1. d4 Nf6 2. c4 e5 3. dxe5 Ng4 4. Nf3 Bc5 5. e3 Nc6 6. Nc3 Ngxe5 7. Nxe5 Nxe5 8.
Be2 O-O 9. O-O d6 10. Na4 Qe7 11. Nxc5 dxc5 12. Qc2 Ng6 13. b3 Be6 14. Bb2 f5
15. Rad1 f4 16. Qe4 c6 17. Bh5 Qf7 18. Bxg6 hxg6 19. exf4 Bf5 20. Qe3 b6 21. Rd6
Rae8 22. Qd2 Qe7 23. Be5 g5 24. Bc3 gxf4 25. Rd1 Rf7 26. Rxc6 f3 27. Rd6 fxg2
28. Re1 Qxe1+ 29. Qxe1 Rxe1+ 30. Bxe1 Re7 31. Bc3 Be4 32. Rd1 g5 33. Re1 g4 34.
Re3 Kh7 35. Re1 Kg6 36. Bd2 Kf5 37. Be3 Rd7 38. Rc1 Bf3 39. Re1 a5 40. a3 Rd3
41. b4 axb4 42. axb4 cxb4 43. Bxb6 b3 44. c5 b2 45. c6 Bxc6 46. Bc7 Rc3 47. Re5+
Kg6 48. Re6+ Kf7 49. Rf6+ Kxf6 50. Be5+ Kxe5 {White resigns} 0-1

[Event "Team 45 45 League T71"]
[Site "Internet Chess Club"]
[Date "2016.12.22"]
[Round "3"]
[White "smsxman"]
[Black "Scorpius"]
[Result "0-1"]
[WhiteElo "1305"]
[BlackElo "1340"]
[Opening "Three knights: Winawer defense (Gothic defense)"]
[ECO "C46"]
[Time "11:59:51"]
[TimeControl "2700+45"]

1. e4 e5 2. Nf3 Nc6 3. Nc3 f5 4. Bc4 Bc5 5. d3 h6 6. O-O Nf6 7. Re1 d6 8. Bb5
O-O 9. Bxc6 bxc6 10. d4 exd4 11. Nxd4 fxe4 12. Nxc6 Qd7 13. Nd4 Bb7 14. Nb3 Bb6
15. Be3 Qc6 16. Nd4 Bxd4 17. Qxd4 Rae8 18. b3 d5 19. Qc5 Qd7 20. Rad1 c6 21.
Qxa7 Ng4 22. Na4 Nxe3 23. Qxe3 Qf5 24. c3 Rf7 25. Nc5 Bc8 26. b4 Ref8 27. Rd2
Qg6 28. Rf1 Rf3 29. Qd4 Bh3 30. g3 Bxf1 31. Kxf1 e3 32. Rb2 Rxf2+ 33. Rxf2 Rxf2+
34. Ke1 Qb1+ 35. Qd1 Rf1+ 36. Kxf1 Qxd1+ {White resigns} 0-1

[Event "Team 45 45 League T71"]
[Site "Internet Chess Club"]
[Date "2016.12.24"]
[Round "3"]
[White "UrsaMajor"]
[Black "Visin"]
[Result "1-0"]
[WhiteElo "1409"]
[BlackElo "1211"]
[Opening "Ruy Lopez: closed, Averbach variation"]
[ECO "C79"]
[Time "14:07:28"]
[TimeControl "2700+45"]

1. e4 e5 2. Nf3 Nc6 3. Bb5 a6 4. Ba4 d6 5. O-O Nf6 6. Re1 Be7 7. c3 Bd7 8. d4
O-O 9. Bg5 b5 10. Bc2 h6 11. Be3 Bg4 12. Nbd2 Nh7 13. Rc1 f5 14. exf5 Bxf5 15.
Bb3+ Kh8 16. Bd5 Qd7 17. dxe5 dxe5 18. Bxc6 Qxc6 19. Nxe5 Qd5 20. Ndf3 Qxa2 21.
Nd4 Qxb2 22. Nxf5 Rxf5 23. Ng6+ Kg8 24. Nxe7+ Kh8 25. Nxf5 Rf8 26. Bc5 Rxf5
{Black resigns} 1-0

[Event "Team 45 45 League T71"]
[Site "Internet Chess Club"]
[Date "2016.12.26"]
[Round "3"]
[White "Elalfer"]
[Black "cityprosecutor"]
[Result "0-1"]
[WhiteElo "1575"]
[BlackElo "1710"]
[Opening "English: symmetrical, Benoni formation"]
[ECO "A31"]
[Time "20:07:06"]
[TimeControl "2700+45"]

1. d4 Nf6 2. c4 c5 3. Nf3 cxd4 4. Nxd4 b6 5. e3 Bb7 6. Nd2 e6 7. N2f3 d6 8. Be2
Be7 9. O-O O-O 10. b3 Nc6 11. Bb2 a6 12. Qc2 Nxd4 13. exd4 Rc8 14. Nd2 Qc7 15.
Bf3 d5 16. Rac1 Rfd8 17. Qd3 Qd6 18. Rfe1 Rd7 19. c5 bxc5 20. dxc5 Rxc5 21. Rxc5
Qxc5 22. Rc1 Qa5 23. a4 Rc7 24. Bc3 Qb6 25. Rc2 Qd6 26. Bb4 Qd7 27. Ba5 Rxc2 28.
Qxc2 Qc6 29. Qxc6 Bxc6 30. Be2 Bb7 31. b4 Nd7 32. Nb3 Kf8 33. f3 Ke8 34. b5 Nc5
35. Nxc5 Bxc5+ 36. Kf1 axb5 37. axb5 Kd7 38. Bd3 h6 39. g4 d4 40. Kf2 Bd5 41. h4
f6 42. Kg3 Bd6+ 43. Kf2 Bb7 44. Bd2 Kc7 45. g5 hxg5 46. hxg5 Kb6 47. gxf6 gxf6
48. f4 Bc8 49. Kf3 Bd7 50. Ke4 Bc5 51. Bc4 Bc8 52. Kf3 Ba3 53. Ke4 Kc5 54. Bd3
Bb7# {White checkmated} 0-1

[Event "Team 45 45 League T71"]
[Site "Internet Chess Club"]
[Date "2017.01.01"]
[Round "3"]
[White "elessar"]
[Black "krysto"]
[Result "0-1"]
[WhiteElo "1697"]
[BlackElo "1598"]
[Opening "French: Two knights variation"]
[ECO "C00"]
[Time "14:01:06"]
[TimeControl "2700+45"]

1. e4 e6 2. Nf3 d5 3. Nc3 Nf6 4. e5 Nfd7 5. d4 c5 6. dxc5 Bxc5 7. Bd3 Nc6 8. Bf4
Qb6 9. O-O Qxb2 10. Nb5 O-O 11. Bxh7+ Kxh7 12. Ng5+ Kg6 13. Qd3+ f5 14. exf6+
Kxf6 15. Nh7+ Ke7 16. Nxf8 Nxf8 17. Rfb1 Qf6 18. Qg3 Nh7 19. Bd6+ Bxd6 20. Qxd6+
Kf7 21. Nc7 Rb8 22. a4 Ng5 23. Ra3 Ne4 24. Nxd5 Qxf2+ 25. Kh1 Nxd6 26. Rf3+ Qxf3
27. gxf3 exd5 {White resigns} 0-1

[Event "Team 45 45 League T71"]
[Site "Internet Chess Club"]
[Date "2016.12.23"]
[Round "3"]
[White "scostanzo212"]
[Black "Constrictor"]
[Result "1/2-1/2"]
[WhiteElo "1578"]
[BlackElo "1592"]
[Opening "Caro-Kann defense"]
[ECO "B15"]
[Time "17:04:00"]
[TimeControl "2700+45"]

1. d4 c6 2. e4 d5 3. Nc3 dxe4 4. Nxe4 Nf6 5. Ng3 Nbd7 6. Nf3 e6 7. Bf4 Nb6 8. c3
Nbd5 9. Be5 Bd6 10. Qd2 Qe7 11. Bd3 Bd7 12. O-O O-O 13. Rfe1 c5 14. c4 Nb4 15.
dxc5 Bxc5 16. Bxf6 Qxf6 17. Ne4 Qe7 18. Nxc5 Qxc5 19. Re5 Qe7 20. Rh5 g6 21. Re5
Nxd3 22. Qxd3 f6 23. Re3 e5 24. Rd1 Bc6 25. Qc2 Rad8 26. b3 Rxd1+ 27. Qxd1 Rd8
28. Qc2 Qd6 29. Re1 Bxf3 30. gxf3 Qd3 31. Qxd3 Rxd3 32. Re3 Rd2 33. a3 Kf7 34.
b4 Rc2 35. c5 a6 36. Rd3 Ke7 37. Kg2 Rc4 38. Kf1 Rh4 39. Rc3 Kd7 40. Ke2 Rxh2
41. Rd3+ Kc7 42. Rd6 f5 43. Re6 Rh1 44. Rxe5 Kc6 45. Re3 Ra1 46. f4 Ra2+ 47. Kf1
Rd2 48. Rh3 Rd7 49. Ke2 Kb5 50. Re3 b6 51. cxb6 Kxb6 52. a4 Rd6 53. Re5 h5 54.
Kf1 Kc6 55. Kg2 Rd4 56. Re6+ Kb7 57. Rxg6 Rxb4 58. Rg5 Rxf4 59. Rxh5 Rxa4 60.
Rxf5 a5 61. Kg3 Kb6 62. f4 Ra1 63. Re5 a4 64. f5 a3 65. Re6+ Kc7 66. Re7+ Kd8
67. Ra7 Rf1 {Game drawn by mutual agreement} 1/2-1/2

[Event "Team 45 45 League T71"]
[Site "Internet Chess Club"]
[Date "2016.12.30"]
[Round "3"]
[White "Hal2001"]
[Black "Pawnchain"]
[Result "1/2-1/2"]
[WhiteElo "1561"]
[BlackElo "1470"]
[Opening "French: Two knights variation"]
[ECO "C00"]
[Time "13:04:46"]
[TimeControl "2700+45"]

1. e4 e6 2. Nc3 d5 3. Nf3 Nf6 4. e5 Nfd7 5. d4 c5 6. dxc5 Nc6 7. Bf4 Bxc5 8. Bd3
Nb4 9. O-O Nxd3 10. cxd3 f5 11. d4 Be7 12. Qd2 Nb6 13. b3 O-O 14. Nb5 a6 15. Nd6
Rb8 16. Rac1 Bd7 17. Rc3 Nc8 18. Rfc1 Qb6 19. Nxc8 Rbxc8 20. Rxc8 Rxc8 21. Rxc8+
Bxc8 22. Qc2 Bd7 {Game drawn by mutual agreement} 1/2-1/2

[Event "Team 45 45 League T71"]
[Site "Internet Chess Club"]
[Date "2016.12.23"]
[Round "3"]
[White "calsal"]
[Black "evan7284"]
[Result "1-0"]
[WhiteElo "1750"]
[BlackElo "1688"]
[Opening "two knights defense: Fegatello attack, Polerio defense"]
[ECO "C57"]
[Time "14:29:14"]
[TimeControl "2700+45"]

1. e4 e5 2. Bc4 Nf6 3. Nf3 Nc6 4. Ng5 d5 5. exd5 Nxd5 6. Nxf7 Kxf7 7. Qf3+ Ke6
8. Nc3 Ne7 9. O-O c5 10. Re1 b6 11. Qe4 Qd6 12. f4 Bb7 13. fxe5 Qc6 14. Qg4+ Kf7
15. e6+ Kg8 16. Nxd5 Rd8 17. Nf6# {Black checkmated} 1-0

[Event "Team 45 45 League T71"]
[Site "Internet Chess Club"]
[Date "2016.12.24"]
[Round "3"]
[White "rayonline53"]
[Black "Yedixon"]
[Result "1/2-1/2"]
[WhiteElo "1538"]
[BlackElo "1706"]
[Opening "KGA: Muzio gambit"]
[ECO "C37"]
[Time "12:05:24"]
[TimeControl "2700+45"]

1. e4 e5 2. f4 exf4 3. Nf3 g5 4. Bc4 g4 5. O-O gxf3 6. Qxf3 Qf6 7. d3 Bh6 8. Nc3
Ne7 9. Bd2 Nbc6 10. Bb3 Nd4 11. Qf2 Nxb3 12. axb3 Ng6 13. Nd5 Qc6 14. Bc3 d6 15.
Bxh8 Nxh8 16. Qh4 Bf8 17. Nf6+ Kd8 18. Nd5+ Ke8 19. Qxh7 Ng6 20. Nf6+ Ke7 21.
Nd5+ Ke8 22. Nf6+ {Game drawn by mutual agreement} 1/2-1/2

[Event "Team 45 45 League T71"]
[Site "Internet Chess Club"]
[Date "2016.12.23"]
[Round "3"]
[White "Chess4Him"]
[Black "platolag"]
[Result "1/2-1/2"]
[WhiteElo "1578"]
[BlackElo "1644"]
[Opening "Queen's pawn game"]
[ECO "A46"]
[Time "21:14:52"]
[TimeControl "2700+45"]

1. d4 Nf6 2. Nf3 d6 3. Bf4 e6 4. e3 Nbd7 5. Be2 Be7 6. Nbd2 b6 7. c3 Bb7 8. h3
O-O 9. Qc2 Rc8 10. O-O c5 {Game drawn by mutual agreement} 1/2-1/2

[Event "Team 45 45 League T71"]
[Site "Internet Chess Club"]
[Date "2016.12.31"]
[Round "3"]
[White "Konstantinos"]
[Black "mongmong"]
[Result "1/2-1/2"]
[WhiteElo "1666"]
[BlackElo "1468"]
[Opening "Nimzo-Indian: Sämisch, O'Kelly variation"]
[ECO "E26"]
[Time "12:00:18"]
[TimeControl "2700+45"]

1. d4 e6 2. c4 Nf6 3. Nc3 Bb4 4. a3 Bxc3+ 5. bxc3 c5 6. e3 b6 7. Nf3 Bb7 8. Be2
O-O 9. O-O d6 10. a4 Nbd7 11. Re1 Ne4 12. Qc2 Qe7 13. Bb2 Ng5 14. Nxg5 Qxg5 15.
e4 f5 16. Bf3 fxe4 17. Bxe4 Bxe4 18. Qxe4 e5 19. Bc1 Qg6 20. Qc6 Rfd8 21. Be3
Nf6 22. f3 Qe8 23. Qb5 Qxb5 24. axb5 Rd7 25. Bf2 a6 26. Rxa6 Rxa6 27. bxa6 Ra7
28. dxe5 dxe5 29. Rxe5 Rxa6 30. Bh4 Kf7 31. Kf2 Ra4 32. Bxf6 Kxf6 33. Re4 Ra3
34. Re3 Ra4 35. Ke2 Rxc4 36. Kd3 Ra4 37. Re8 Ra2 38. Rb8 Rxg2 39. Rxb6+ Kf7 40.
Rc6 Rxh2 41. Rxc5 h5 42. Re5 Kf6 43. Re1 g5 44. c4 Ra2 45. c5 Ra3+ 46. Ke4 Rb3
47. Rd1 Rc3 48. Rd6+ Ke7 49. Rd5 Kf6 50. Rd6+ Ke7 51. Rd5 Kf6 52. Rd6+ {Game
drawn by repetition} 1/2-1/2

[Event "Team 45 45 League T71"]
[Site "Internet Chess Club"]
[Date "2016.12.24"]
[Round "3"]
[White "Zugzwanged"]
[Black "Goli"]
[Result "1-0"]
[WhiteElo "1716"]
[BlackElo "1734"]
[Opening "Robatsch (modern) defense"]
[ECO "B06"]
[Time "10:01:16"]
[TimeControl "2700+45"]

1. e4 g6 2. d4 Bg7 3. Nc3 d6 4. Be3 Nf6 5. Nf3 O-O 6. h3 Nbd7 7. Qd2 a6 8. Bd3
b5 9. O-O c5 10. Rfe1 cxd4 11. Bxd4 Bb7 12. a3 Rc8 13. Be3 Nc5 14. Bh6 Qc7 15.
Bxg7 Kxg7 16. Rac1 e6 17. e5 dxe5 18. Nxe5 Rfd8 19. Qe3 Nd5 20. Nxd5 Rxd5 21.
Ng4 Qd8 22. Qh6+ Kg8 23. Qf4 Nxd3 24. cxd3 Rxc1 25. Rxc1 f5 26. Nh6+ Kg7 27.
Rc7+ Rd7 28. Qd4+ Kxh6 29. Qxd7 Qxd7 30. Rxd7 Bd5 31. Ra7 Bb3 32. Rxa6 e5 33.
Rb6 Ba4 34. Re6 Bc2 35. Rxe5 Bxd3 36. g3 Kg7 37. Re7+ Kg8 38. Kg2 h5 39. Kf3 Kf8
40. Rd7 Bf1 41. h4 Bc4 42. Kf4 Ke8 43. Ra7 Kf8 44. Kg5 Bf7 45. Kf6 Be8 46. Ra8
{Black resigns} 1-0

[Event "Team 45 45 League T71"]
[Site "Internet Chess Club"]
[Date "2016.12.22"]
[Round "3"]
[White "Egmont"]
[Black "parrot9"]
[Result "1/2-1/2"]
[WhiteElo "1621"]
[BlackElo "1693"]
[Opening "QGD semi-Slav: 5...Nd7"]
[ECO "D45"]
[Time "14:09:27"]
[TimeControl "2700+45"]

1. d4 d5 2. c4 c6 3. Nc3 Nf6 4. e3 e6 5. Nf3 Nbd7 6. b3 Bb4 7. Bd2 O-O 8. Be2
Re8 9. O-O e5 10. Nxd5 Nxd5 11. cxd5 Bxd2 12. Nxd2 cxd5 13. dxe5 Nxe5 14. Nf3
Bf5 15. Nxe5 Rxe5 16. Qd4 Re6 17. Bf3 Be4 18. Bxe4 dxe4 19. Rfd1 Qxd4 20. Rxd4
Kf8 21. Rc1 f5 22. Rc7 Re7 23. Rdd7 Rxd7 24. Rxd7 Rc8 25. h3 Rc1+ 26. Kh2 Rc2
27. Kg3 Rxa2 28. Rxb7 h6 29. h4 a6 {Game drawn by mutual agreement} 1/2-1/2